 Dungeon Crawl Stone Soup version 0.29.0-4-gdea44cf6ec (webtiles) character file.

Game seed: 13422115368488445106

63 qw the Chopper (level 4, -1/26 HPs)
             Began as a Tengu Warper on Aug 28, 2022.
             Killed from afar by Sigmund (2 damage)
             ... with a puff of flame
             ... on level 3 of the Dungeon.
             The game lasted 00:00:12 (2820 turns).

qw the Chopper (Tengu Warper)                       Turns: 2820, Time: 00:00:12

Health: -1/26      AC: 10    Str: 14    XL:     4   Next: 10%
Magic:  8/8        EV:  6    Int: 13    God:
Gold:   113        SH:  0    Dex: 13    Spells: 7/7 levels left

rFire   . . .      SeeInvis .   Y - +1 hand axe
rCold   . . .      Faith    .   (no shield)
rNeg    . . .      Spirit   .   o - +0 chain mail
rPois   .          Reflect  .   c - +2 hat
rElec   .          Harm     .   (no cloak)
rCorr   .          Rampage  .   (no gloves)
Will    .....                   (boots unavailable)
Stlth   ..........              (no amulet)
HPRegen 0.08/turn               (no ring)
MPRegen 0.11/turn               (no ring)

@: no status effects
A: beak, talons 3
a: no special abilities


You were on level 3 of the Dungeon.
You visited 1 branch of the dungeon, and saw 3 of its levels.

You collected 113 gold pieces.


Innate Abilities, Weirdness & Mutations

You have a beak for a mouth.
You have claws for feet.


   Skills:
 - Level 2.0 Fighting
 + Level 4.7 Axes
 - Level 1.0 Throwing
 - Level 1.1 Armour
 - Level 2.1 Dodging
 - Level 2.0 Spellcasting
 - Level 2.4 Translocations


You had 7 spell levels left.
You didn't know any spells.
Your spell library contained the following spells:

 Spells                   Type           Power      Damage    Failure   Level
 Blink                    Tloc           14%        N/A       99%         2
 Gell's Gravitas          Tloc           7%         N/A       100%        3
 Lesser Beckoning         Tloc           7%         N/A       100%        3
 Teleport Other           Tloc           7%         N/A       100%        3
 Manifold Assault         Tloc           7%         N/A       100%        5

Inventory:

Hand Weapons
 f - a +0 whip
 Y - a +1 hand axe (weapon)
Missiles
 i - 16 boomerangs (quivered)
Armour
 c - a +2 hat (worn)
 o - a +0 chain mail (worn)
Scrolls
 a - 3 scrolls of identify
 b - a scroll of magic mapping {unknown}
Potions
 d - a potion of invisibility {unknown}
 e - a potion of haste {unknown}
 g - 2 potions of heal wounds
 l - a potion of curing {unknown}
 n - a potion of berserk rage {unknown}
 p - a potion of magic {unknown}

Dungeon Overview and Level Annotations

Branches:
Dungeon (3/15)

Altars:

Annotations:
D:3 Sigmund


Message History

Something hits you but does no damage.
You swing at nothing.
You hear some strange, mumbled words.
You are confused.
You're too confused to attack without stumbling around!
There is a strange disturbance nearby!
Something hits you.
You're too confused to attack without stumbling around!
There is a strange disturbance nearby!
You're too confused to attack without stumbling around!
There is a strange disturbance nearby!
You hear some strange, mumbled words.
Something tries to affect you, but you resist.
You're too confused to attack without stumbling around!
There is a strange disturbance nearby!
Something hits you.
You're too confused to attack without stumbling around!
There is a strange disturbance nearby!
You feel less confused. Something hits you.
You swing at nothing.
You swing at nothing.
Something hits you but does no damage.
You swing at nothing.
Something hits you but does no damage.
You swing at nothing.
Something hits you.
You swing at nothing.
You swing at nothing.
Something hits you.
You swing at nothing.
Something hits you but does no damage.
You swing at nothing.
You swing at nothing.
A magic dart appears from out of thin air!
The magic dart hits you.
You hear some strange, mumbled words.
A puff of flame appears from out of thin air!
The puff of flame hits you.
You die...

#..........
##.#########
##...## #
######.###.#### ##
#......# #....# #.
#.####.###.##.###.
#.# ##...###.....
#.# ##.########.
#@# #..........
#.# ##########.
#{# #. #.. ###.
#.. #... ##.. #.##
#. #.# .# #.# #.#


There were no monsters in sight!

Vanquished Creatures
  An adder (D:2)
  A worm (D:2)
  3 dart slugs
  2 ball pythons
  2 endoplasms
  2 giant cockroaches
  6 goblins
  A hobgoblin (D:2)
  5 jackals
  2 quokkas
  8 bats
  5 frilled lizards
  3 kobolds
  2 rats (D:1)
43 creatures vanquished.

Notes
Turn   | Place    | Note
-------+----------+-------------------------------------------
     0 | D:1      | qw the Tengu Warper began the quest for the Orb.
     0 | D:1      | Reached XP level 1. HP: 12/12 MP: 4/4
     0 | D:1      | 0 ||| qw: Version: 0.1-a-89-g26bdef1
     0 | D:1      | 0 ||| qw: Game counter: 2060
     0 | D:1      | 0 ||| qw: Always use a shield: true
     0 | D:1      | 0 ||| qw: God list: Okawaru
     0 | D:1      | 0 ||| qw: Allow faded altars: false
     0 | D:1      | 0 ||| qw: Do Orc after D:15 true
     0 | D:1      | 0 ||| qw: Do second Lair branch before Depths: true
     0 | D:1      | 0 ||| qw: Lair rune preference: random
     0 | D:1      | 0 ||| qw: Plans: Normal
     0 | D:1      | 0 ||| PLANNING D:1-11
    90 | D:1      | 90 ||| Stepping ~*~*~tactically~*~*~ (stealth).
    92 | D:1      | 92 ||| Stepping ~*~*~tactically~*~*~ (stealth).
    99 | D:1      | HP: 2/12 [jackal (2)]
   107 | D:1      | Reached XP level 2. HP: 3/17 MP: 6/6
   410 | D:1      | Reached skill level 3 in Axes
   730 | D:1      | 730 ||| Stepping ~*~*~tactically~*~*~ (hiding).
   832 | D:1      | 832 ||| Stepping ~*~*~tactically~*~*~ (hiding).
   998 | D:1      | 998 ||| Stepping ~*~*~tactically~*~*~ (hiding).
  1007 | D:1      | Reached XP level 3. HP: 21/21 MP: 7/7
  1317 | D:1      | Found a faded altar of an unknown god.
  1597 | D:1      | 1597 ||| UPGRADING to +0 ring mail.
  1607 | D:1      | 1607 ||| DROPPING +0 leather armour.
  1608 | D:1      | 1608 ||| UPGRADING to +0 scale mail.
  1618 | D:1      | 1618 ||| DROPPING +0 ring mail.
  1619 | D:1      | 1619 ||| READING 3 scrolls labelled KUONITIDAO.
  1620 | D:1      | 1620 ||| READING scroll labelled UCKOTA KEKEUJI.
  1623 | D:1      | 1623 ||| READING scroll labelled MUUWNU LIOCZEUGIB.
  1624 | D:1      | 1624 ||| READING scroll labelled NEMOLO LUISO.
  1625 | D:1      | 1625 ||| DRINKING 3 sedimented purple potions.
  1626 | D:1      | 1626 ||| READING 2 scrolls of identify.
  1626 | D:1      | 1626 ||| IDENTIFYING ruby potion
  1627 | D:1      | 1627 ||| DROPPING scroll of blinking.
  1628 | D:1      | 1628 ||| DROPPING 2 potions of flight.
  1664 | D:2      | Reached skill level 4 in Axes
  1698 | D:2      | 1698 ||| Stepping ~*~*~tactically~*~*~ (stealth).
  1699 | D:2      | 1699 ||| Stepping ~*~*~tactically~*~*~ (stealth).
  1870 | D:2      | 1870 ||| FLEEEEING.
  1871 | D:2      | 1871 ||| FLEEEEING.
  1872 | D:2      | 1872 ||| FLEEEEING.
  1873 | D:2      | 1873 ||| FLEEEEING.
  1874 | D:2      | 1874 ||| FLEEEEING.
  1875 | D:2      | 1875 ||| FLEEEEING.
  1876 | D:2      | 1876 ||| FLEEEEING.
  1877 | D:2      | 1877 ||| FLEEEEING.
  1878 | D:2      | 1878 ||| FLEEEEING.
  1884 | D:2      | 1884 ||| FLEEEEING.
  2026 | D:2      | 2026 ||| DROPPING +0 club.
  2223 | D:2      | Reached XP level 4. HP: 26/26 MP: 8/8
  2566 | D:2      | 2566 ||| Stepping ~*~*~tactically~*~*~ (stealth).
  2567 | D:2      | 2567 ||| Stepping ~*~*~tactically~*~*~ (stealth).
  2578 | D:2      | 2578 ||| UPGRADING to +1 hat.
  2583 | D:2      | 2583 ||| UPGRADING to +0 chain mail.
  2593 | D:2      | 2593 ||| DROPPING +0 scale mail.
  2594 | D:2      | 2594 ||| READING scroll labelled TAUMEI ECYDDU.
  2595 | D:2      | 2595 ||| READING 2 scrolls labelled BIVENW IBBAE.
  2596 | D:2      | 2596 ||| READING scroll of enchant armour.
  2596 | D:2      | 2596 ||| ENCHANTING +1 hat.
  2597 | D:2      | 2597 ||| READING scroll labelled VIUCUTWUYS.
  2598 | D:2      | 2598 ||| READING 2 scrolls labelled HENNUO QIOT.
  2599 | D:2      | 2599 ||| READING scroll labelled RUG RENERYOS.
  2600 | D:2      | 2600 ||| DROPPING scroll of fear.
  2685 | D:3      | 2685 ||| Stepping ~*~*~tactically~*~*~ (stealth).
  2792 | D:3      | Noticed Sigmund
  2811 | D:3      | HP: 6/26 [something (4)]
  2817 | D:3      | HP: 3/26 [something (2)]
  2820 | D:3      | HP: 1/26 [something/magic dart (2)]
  2820 | D:3      | Killed from afar by Sigmund

Levels and vault maps discovered:
D:1:      saegor_arrival_simple_b, layout_basic,
          ebering_ecumenical_altar_abandoned
D:2:      layout_loops_ring, supply_closet_lemuel
D:3:      layout_loops_ring, marbit_many_paths, grunt_decor_one_mirror,
          uniq_sigmund

Skill      XL: |  1  2  3 |
---------------+----------+-----
Axes           | 3 4 |  4.7
Fighting       | |  2.0
Throwing       | |  1.0
Armour         | |  1.1
Dodging        | |  2.1
Spellcasting   | |  2.0
Translocations | |  2.4

Action                   |  1- 3 |  4- 6 || total
-------------------------+-------+-------++-------
Melee: Hand axe          |    54 |    14 ||    68
       Kick              |    10 |     3 ||    13
       Peck              |     5 |     2 ||     7
Throw: Boomerang         |    43 |     6 ||    49
  Use: Scroll            |     5 |     6 ||    11
       Potion            |     1 |       ||     1
Armor: Leather armour    |     8 |       ||     8
       Scale mail        |     6 |     2 ||     8
       Chain mail        |       |     9 ||     9
Dodge: Dodged            |    25 |     6 ||    31

Table legend:
 A = Non-vault XP
 B = Vault XP
 C = Vault XP percentage of total XP
 D = Non-vault monster count
 E = Vault monster count
 F = Vault count percentage of total count
                 A         B        C        D         E       F
            +---------+---------+-------+---------+---------+-------
      Total |      91 |       0 |   0.0 |      43 |       0 |   0.0
            +---------+---------+-------+---------+---------+-------
        D:1 |      43 |       0 |   0.0 |      23 |       0 |   0.0
        D:2 |      46 |       0 |   0.0 |      18 |       0 |   0.0
        D:3 |       2 |       0 |   0.0 |       2 |       0 |   0.0
            +---------+---------+-------+---------+---------+-------
